 Dungeon Crawl Stone Soup version 0.20-a0-876-g2c7b0bf (webtiles) character file.

18 4thArraOfDagon the Shooter (level 2, 0/34 HPs)
             Began as a Demigod Wanderer on Mar 15, 2017.
             Slain by an adder (2 damage)
             ... on level 2 of the Dungeon.
             The game lasted 00:01:21 (200 turns).

4thArraOfDagon the Shooter (Demigod Wanderer)        Turns: 200, Time: 00:01:22

Health: 0/34       AC: 21    Str: 16    XL:     2   Next: 33%
Magic:  7/7        EV:  2    Int: 16    God:
Gold:   27         SH:  0    Dex: 14    Spells: 4/4 levels left

rFire    . . .     SeeInvis .   c - +0 shortbow
rCold    . . .     Gourm    .   (armour currently unavailable)
rNeg     + + +     Faith    .   (shield currently unavailable)
rPois    +         Spirit   .   (helmet currently unavailable)
rElec    .         Reflect  .   (cloak currently unavailable)
rCorr    .         Harm     .   (gloves currently unavailable)
MR       .....     NoTele   +   (boots currently unavailable)
Stlth    +.........             (no amulet)
Regen    0.2/turn               (no ring)
MPRegen  0.1/turn               (no ring)

@: lethally poisoned (0 -> -2), tree-form
A: high mp 1
a: no special abilities


You were on level 2 of the Dungeon.
You were not hungry.
You were a tree.
You visited 1 branch of the dungeon, and saw 2 of its levels.

You collected 27 gold pieces.

Inventory:

Hand Weapons
 c - a +0 shortbow (weapon)
 g - a +0 mace
Missiles
 d - 19 arrows (quivered)
 h - 5 javelins
Armour
 e - a +0 robe (melded)
Potions
 i - 2 potions of flight
Books
 a - a book of Minor Magic

   Spells                             Type                      Level
   a - Magic Dart                     Conjuration                  1
   b - Blink                          Translocation                2
   c - Call Imp                       Summoning                    2
   d - Slow                           Hexes                        2
   e - Conjure Flame                  Conjuration/Fire             3
   f - Mephitic Cloud                 Conjuration/Poison/Air       3
Comestibles
 f - a bread ration


   Skills:
 - Level 1.4 Fighting
 + Level 2.0 Bows
 - Level 1.0 Throwing
 - Level 1.0 Armour
   Level 1.0 Shields
 - Level 1.7 Spellcasting
   Level 1.0 Necromancy
   Level 1.7 Earth Magic


You had 4 spell levels left.
You didn't know any spells.

Dungeon Overview and Level Annotations

Branches:
Dungeon (2/15)


Innate Abilities, Weirdness & Mutations

You have an increased reservoir of magic. (+10% MP)


Message History

* * * LOW HITPOINT WARNING * * *
You are poisoned.
The adder poisons you!
It was a potion of flight.
You feel very buoyant.
You fly up into the air.
* * * LOW HITPOINT WARNING * * *
You feel sick. The adder bites you.
* * * LOW HITPOINT WARNING * * *
Unknown command.
You turn into a tree.
Your +0 robe melds into your body.
Your roots penetrate the ground.
The adder bites you but does no damage.
Unknown command.
Firing (i - inventory. (,) - cycle):
d - 20 arrows (quivered)
Press: ? - help, Shift-Dir - straight line, f/p - adder
Aim: an adder (heavily wounded)
You shoot an arrow. The arrow misses the adder.
* * * LOW HITPOINT WARNING * * *
You feel sick. The adder bites you but does no damage. The adder bites you.
You die...

#... #... ##.. ..#
##.##
##########...#######
###§.§.§.#...#(§.§.§
#A#._....'...S...._.
###§.§.§.#..♣#.§.§.§
##########...# ### #
##.### #...# #
#...####
####.##.(....# #
..........##.##.##
###...#..........
#...###.##..#.##


You could see an adder.

Vanquished Creatures
  3 dart slugs
  3 bats
  2 hobgoblins (D:1)
  3 goblins (D:1)
11 creatures vanquished.

Notes
Turn   | Place    | Note
-------+----------+-------------------------------------------
     0 | D:1      | 4thArraOfDagon the Demigod Wanderer began the quest for the Orb.
     0 | D:1      | 4thArraOfDagon set off with: a book of Minor Magic, a potion of lignification, a +0 shortbow, 25 arrows, a +0 robe, a bread ration
     0 | D:1      | Reached XP level 1. HP: 16/16 MP: 5/5
    44 | D:1      | Found a sparkling altar of Nemelex Xobeh.
    76 | D:1      | Reached XP level 2. HP: 23/23 MP: 7/7
   144 | D:2      | Reached skill level 2 in Bows
   173 | D:2      | Found a basalt altar of Yredelemnul.
   175 | D:2      | Noticed a profane servitor
   185 | D:2      | Found a glowing golden altar of the Shining One.
   200 | D:2      | Slain by an adder

Vault maps used:
D:1:      minmay_arrival_glassed_features, nemelex_xobeh_ov_fountains_minmay
D:2:      grunt_temple_overflow_holy_war, uniq_robin, uniq_crazy_yiuf_cottage

Skill      XL: |  1  2 |
---------------+-------+-----
Bows           | 2 |  2.0
Fighting       | |  1.4
Throwing       | |  1.0
Armour         | |  1.0
Shields        | |  1.0
Spellcasting   | |  1.7
Necromancy     | |  1.0
Earth Magic    | |  1.7

Action                   || total
-------------------------++-------
Melee: Mace              ||    30
 Fire: Shortbow          ||    13
  Use: Scroll            ||     3
       Potion            ||     3
Armor: Robe              ||    12
       Skin              ||     2
Dodge: Dodged            ||    28
